 Seeded DCSS version 0.25-a0-1004-g47ef49a (webtiles) character file.

Game seed: 6431695635927419459, levelgen mode: deterministic

30253 wearedevo the Fighter (level 13, -3/106 HPs)
             Began as a Mummy Gladiator on May 11, 2020.
             Was an Initiate of Gozag.
             Slain by an ettin
             ... wielding a +0 great mace
              (18 damage)
             ... on level 1 of the Orcish Mines.
             The game lasted 01:10:17 (27825 turns).

wearedevo the Fighter (Mummy Gladiator)            Turns: 27825, Time: 01:10:23

Health: -3/106     AC: 13    Str: 18    XL:     13   Next: 19%
Magic:  0/27       EV: 16    Int: 11    God:    Gozag
Gold:   2840       SH:  5    Dex: 14    Spells: 28/32 levels left

rFire    . . .     SeeInvis .   u - +9 scimitar (flame)
rCold    + . .     Gourm    .   E - +0 buckler
rNeg     + + +     Faith    .   k - +4 ring mail {MR+} rPois āˆž Spirit +
                                c - +0 helmet
rElec    .         Reflect  .   (no cloak)
rCorr    .         Harm     .   A - +0 pair of gloves
MR       ++...                  j - +0 pair of boots
Stlth    +.........             y - amulet of guardian spirit
HPRegen  0.27/turn              s - ring of protection from fire
MPRegen  0.20/turn              a - +2 ring of evasion

@: very slightly contaminated
A: no food or potions, fire vulnerability, cold resistance 1, negative energy
resistance 3, torment resistance, unbreathing, in touch with death 1
a: Potion Petition, Call Merchant, Bribe Branch, Renounce Religion


You were on level 1 of the Orcish Mines.
You worshipped Gozag.
Gozag was most pleased with you.
You were not hungry.

You visited 4 branches of the dungeon, and saw 19 of its levels.
You also visited: Ice Cave.

You collected 4174 gold pieces.
You spent 378 gold pieces at shops.
You paid 956 gold pieces to Gozag.

Inventory:

Hand Weapons
 u - a +9 scimitar of flaming (weapon)
Missiles
 d - 4 throwing nets
 h - 525 stones (quivered)
 i - 6 atropa-tipped darts
Armour
 b - a +0 leather armour
 c - a +0 helmet (worn)
 j - a +0 pair of boots (worn)
 k - a +4 ring mail of magic resistance (worn)
 l - a +0 chain mail
 n - a +0 kite shield
 A - a +0 pair of gloves (worn)
 E - a +0 buckler (worn)
 I - a +0 leather armour
Magical Staves
 x - an uncursed staff of death
Jewellery
 a - a +2 ring of evasion (right hand)
 s - a ring of protection from fire (left hand)
 t - an uncursed amulet of magic regeneration
 w - an uncursed ring of see invisible
 y - an amulet of guardian spirit (around neck)
 z - an uncursed ring of protection from cold
 B - an uncursed amulet of the acrobat
 D - an uncursed ring of flight
 G - an uncursed ring of fire
 J - an uncursed ring of fire
 K - an uncursed ring of resist corrosion
Wands
 r - a wand of acid (5)
 C - a wand of polymorph (3)
Scrolls
 e - 6 scrolls of amnesia
 f - 7 scrolls of teleportation
 g - 4 scrolls of remove curse
 m - 3 scrolls of fog
 o - 2 scrolls of magic mapping
 p - 4 scrolls of enchant armour
 q - a scroll of fear
 v - 8 scrolls of identify
 F - a scroll of blinking
 H - a scroll of summoning
 L - a scroll of brand weapon
 M - a scroll of silence


   Skills:
 + Level 11.5 Fighting
 * Level 9.4 Long Blades
   Level 4.0 Axes
 - Level 1.5 Throwing
 - Level 4.0 Armour
 + Level 6.3 Dodging
 - Level 0.4 Stealth
 - Level 4.0 Shields
 - Level 10.0 Spellcasting
 - Level 3.0 Conjurations
 - Level 4.0 Necromancy
 - Level 3.0 Air Magic
 - Level 3.0 Poison Magic
 - Level 3.3 Evocations


You had 28 spell levels left.
You knew the following spells:

 Your Spells              Type           Power        Failure   Level  Hunger
a - Mephitic Cloud        Conj/Pois/Air  ##......     19%         3    N/A
b - Animate Skeleton      Necr           N/A          4%          1    N/A

Your spell library contained the following spells:

 Spells                   Type           Power        Failure   Level  Hunger
 Magic Dart               Conj           ##..         6%          1    N/A
 Apportation              Tloc           #.....       22%         1    N/A
 Corona                   Hex            #......      22%         1    N/A
 Summon Small Mammal      Summ           #...         22%         1    N/A
 Blink                    Tloc           N/A          32%         2    N/A
 Call Imp                 Summ           #.......     32%         2    N/A
 Slow                     Hex            #.......     32%         2    N/A
 Conjure Flame            Conj/Fire      #.......     34%         3    N/A

Dungeon Overview and Level Annotations

Branches:
Dungeon (12/15)            Temple (1/1) D:4            Lair (5/6) D:11
 Shoals (0/4) Lair:2       Spider (0/4) Lair:2          Orc (1/2) D:12
  IceCv (visited)
  Slime: Lair:5-6

Altars:
Ashenzari
Dithmenos
Fedhas
Gozag
Hepliaklqana
Makhleb
Qazlal
Ru
Trog
Uskayaw
Vehumet
Xom
Zin
The Shining One
Beogh

Shops:
D:11 ?

Annotations:
D:11 Snorg
Lair:5 Rupert


Innate Abilities, Weirdness & Mutations

You do not eat or drink.
Your flesh is vulnerable to fire.
You are immune to poison.
Your flesh is cold resistant. (rC+)
You are immune to negative energy. (rN+++)
You are immune to unholy pain and torment.
You can survive without breathing.
You are in touch with the powers of death.


Message History

Aim: an ettin, wielding a +0 great mace and a +1 vorpal dire flail (heavily wounded)
The ball explodes into a vile cloud!
The stinking cloud engulfs the ettin but does no damage.
The ettin is heavily wounded.
The stinking cloud engulfs you but does no damage.
The ettin is engulfed in noxious fumes.
The ettin hits you with a +0 great mace!!
The ettin hits you with a +1 vorpal dire flail!!
* * * LOW HITPOINT WARNING * * *
The ettin is engulfed in noxious fumes.
You slash the ettin! You burn the ettin.
The ettin is severely wounded.
You hit the ettin. You burn the ettin.
The ettin is almost dead.
The ettin is engulfed in noxious fumes.
The ettin hits you with a +0 great mace!
* * * LOW HITPOINT WARNING * * *
The ettin hits you with a +1 vorpal dire flail!!
You die...
Your body crumbles into a pile of gold.

#.......##...##8...8#
#......#....##.....##
###.........###.......#
##...........# #.8...8.#
#......#.....###.......#
##......#...ā—‹##.#.......#
#.....####...Ā°..#.8...8.#
##......#...Cā—‹###.......#
##.........@.# #.......#
#........##.# #.8...8.#
##.#......#### #.......#
#..........# #.......#
##.##......# #.......#
####.......##.##.......#
##..........#...#.88.88.#
#.....).#.......####'####
###....#####....###.%.##


You could see an ettin.

Vanquished Creatures
  Josephine (Lair:4)
  4 hydras
  Fannar (D:11)
  Urug (D:10)
  An unseen horror (D:12)
  A necromancer (IceCv)
  An orc knight (Orc:1)
  An ugly thing (D:12)
  3 elephants (Lair:4)
  3 rime drakes
  5 spiny frogs
  2 komodo dragons
  4 ice devils (IceCv)
  A polar bear (Lair:4)
  3 trolls
  4 slime creatures (D:11)
  6 blink frogs
  2 hippogriffs
  30 yaks
  6 wraiths
  A wyvern (D:8)
  A steam dragon (D:10)
  2 vampire mosquitoes (D:12)
  A hungry ghost (D:12)
  A basilisk (Lair:4)
  10 water moccasins
  An acid dragon (D:9)
  12 porcupines
  A black bear (Lair:2)
  8 orc warriors
  A phantom (D:8)
  2 sky beasts (D:7)
  3 ice beasts
  A necrophage (D:12)
  10 ogres
  12 centaurs
  3 crocodiles
  2 big kobolds
  13 bullfrogs
  7 scorpions
  6 killer bees (D:11)
  8 wights
  9 howler monkeys
  5 crimson imps
  2 centaur zombies
  3 jellies
  7 hounds
  2 bullfrog skeletons
  9 orc priests
  A centaur skeleton (D:8)
  3 iguanas
  5 orc wizards
  13 worker ants
  A hound zombie (D:9)
  5 gnolls
  11 adders
  2 river rats (D:4)
  A shadow imp (D:9)
  An ooze (D:4)
  An adder zombie (D:8)
  6 worms
  2 dart slugs
  6 leopard geckos
  63 orcs
  11 bats
  9 giant cockroaches
  7 goblins
  4 hobgoblins
  15 jackals
  7 quokkas
  A ball python (D:3)
  9 frilled lizards
  A giant cockroach zombie (D:5)
  16 kobolds
  2 leopard gecko zombies
  A quokka skeleton (D:5)
  9 rats
  A fungus (Lair:1)
437 creatures vanquished.

Vanquished Creatures (collateral kills)
  Erica (D:10)
1 creature vanquished.

Vanquished Creatures (others)
  A bullfrog (Lair:1)
  2 fungi
  A plant (Lair:1)
4 creatures vanquished.

Grand Total: 442 creatures vanquished

Notes
Turn   | Place    | Note
-------+----------+-------------------------------------------
     0 | D:1      | wearedevo the Mummy Gladiator began the quest for the Orb.
     0 | D:1      | Reached XP level 1. HP: 16/16 MP: 1/1
   422 | D:1      | Reached XP level 2. HP: 22/22 MP: 2/2
  1200 | D:2      | Found a glowing golden altar of the Shining One.
  1274 | D:2      | Reached XP level 3. HP: 23/27 MP: 3/3
  2220 | D:3      | Reached XP level 4. HP: 34/34 MP: 4/4
  2355 | D:3      | Reached skill level 3 in Fighting
  3226 | D:3      | Reached skill level 1 in Armour
  3226 | D:3      | Reached XP level 5. HP: 33/41 MP: 5/5
  3473 | D:4      | Found a staircase to the Ecumenical Temple.
  3484 | Temple   | Entered the Ecumenical Temple
  3522 | Temple   | Became a worshipper of Gozag Ym Sagoz the Greedy
  3585 | D:4      | Reached skill level 4 in Fighting
  3651 | D:3      | Reached XP level 6. HP: 19/48 MP: 6/6
  4793 | D:3      | Reached skill level 5 in Fighting
  5139 | D:4      | Reached XP level 7. HP: 35/56 MP: 7/7
  5596 | D:4      | Learned a level 3 spell: Mephitic Cloud
  5743 | D:5      | Entered Level 5 of the Dungeon
  6391 | D:5      | Reached skill level 1 in Spellcasting
  6956 | D:6      | Reached skill level 1 in Conjurations
  6956 | D:6      | Reached skill level 1 in Air Magic
  6956 | D:6      | Reached skill level 1 in Poison Magic
  7004 | D:6      | Reached skill level 6 in Fighting
  7204 | D:6      | Reached XP level 8. HP: 62/65 MP: 11/11
  7421 | D:6      | Found a sacrificial altar of Ru.
  8404 | D:7      | Reached skill level 7 in Fighting
  8856 | D:7      | Found a shimmering altar of Xom.
  8857 | D:7      | Found a shimmering altar of Xom.
  8870 | D:7      | Found a shimmering altar of Xom.
  9645 | D:8      | Found a hide-covered altar of Uskayaw.
  9841 | D:8      | Reached XP level 9. HP: 72/74 MP: 10/13
  9893 | D:8      | Reached skill level 8 in Fighting
 10389 | D:7      | Found a shadowy altar of Dithmenos.
 10389 | D:7      | Found a radiant altar of Vehumet.
 10618 | D:8      | Reached skill level 9 in Fighting
 10818 | D:8      | Reached skill level 5 in Spellcasting
 11353 | D:9      | Noticed a gargoyle
 11372 | D:9      | Noticed a two-headed ogre
 11998 | D:7      | Found a stormy altar of Qazlal.
 13054 | D:9      | Reached skill level 10 in Fighting
 13579 | D:9      | Noticed a troll
 13595 | D:9      | Killed a troll
 13595 | D:9      | Reached XP level 10. HP: 44/85 MP: 7/17
 13626 | D:9      | Reached skill level 1 in Shields
 13626 | D:9      | Reached skill level 1 in Evocations
 14098 | D:10     | Entered Level 10 of the Dungeon
 14315 | D:10     | Noticed Urug
 14654 | D:10     | Noticed Erica
 14656 | D:10     | Noticed Psyche
 14667 | D:10     | Paralysed by Psyche for 3 turns
 14862 | D:10     | Noticed Psyche
 14862 | D:10     | Psyche changed into Psyche the steam dragon
 14875 | D:10     | Killed Psyche the steam dragon
 15502 | D:11     | Noticed Fannar
 15559 | D:10     | Killed Erica
 15579 | D:11     | Found a staircase to the Lair.
 15645 | D:11     | Found Povusm's Magic Scroll Shoppe.
 15666 | D:11     | Reached skill level 1 in Long Blades
 16054 | Lair:1   | Entered Level 1 of the Lair of Beasts
 16867 | Lair:1   | Noticed an eight-headed hydra
 17338 | Lair:1   | Reached XP level 11. HP: 74/90 MP: 20/20
 18106 | Lair:1   | Killed a seven-headed hydra
 18106 | Lair:1   | Reached skill level 5 in Long Blades
 19013 | Lair:2   | Found a frozen archway.
 19017 | IceCv    | Entered an ice cave
 19326 | IceCv    | Noticed a necromancer
 19330 | IceCv    | Killed a necromancer
 20471 | Lair:2   | Found a staircase to the Shoals.
 20717 | Lair:2   | Found a hazy altar of Hepliaklqana.
 21187 | Lair:2   | Found a hole to the Spider Nest.
 21438 | Lair:3   | Identified the +11 battleaxe "Lihoitoi" {drain, Fragile
                  | rPois Int+4 Dex+7} (You found it on level 3 of the Lair of
                  | Beasts)
 21688 | Lair:3   | Identified the +5 ring mail of Beogh's Delight {rN+} (You
                  | found it on level 3 of the Lair of Beasts)
 22392 | Lair:4   | Learned a level 1 spell: Animate Skeleton
 22557 | Lair:4   | Reached XP level 12. HP: 79/99 MP: 17/24
 22714 | Lair:4   | Noticed Josephine
 22730 | Lair:4   | Killed Josephine
 22730 | Lair:4   | Reached skill level 1 in Necromancy
 23230 | Lair:4   | Reached skill level 5 in Dodging
 23231 | Lair:4   | Noticed a seven-headed hydra
 23360 | Lair:4   | Killed a six-headed hydra
 23996 | Lair:5   | Noticed a death yak
 24086 | Lair:5   | Noticed Rupert
 24131 | Lair:4   | Reached skill level 11 in Fighting
 24429 | D:11     | Killed Fannar
 24644 | D:11     | Bought a scroll of teleportation for 36 gold pieces
 25065 | D:11     | Noticed Snorg
 25149 | D:10     | Killed Urug
 25759 | D:11     | Found a roughly hewn altar of Beogh.
 25830 | D:11     | Bought a scroll of enchant armour for 90 gold pieces
 25830 | D:11     | Bought a scroll of enchant armour for 90 gold pieces
 25830 | D:11     | Bought a scroll of teleportation for 36 gold pieces
 25830 | D:11     | Bought a scroll of teleportation for 36 gold pieces
 25830 | D:11     | Bought a scroll of blinking for 90 gold pieces
 26229 | D:12     | Found a staircase to the Orcish Mines.
 26370 | D:12     | Gained mutation: You are in touch with the powers of death.
                  | [Mummy growth]
 26370 | D:12     | Reached XP level 13. HP: 97/106 MP: 23/26
 27037 | D:12     | Reached skill level 10 in Spellcasting
 27397 | Orc:1    | Entered Level 1 of the Orcish Mines
 27493 | Orc:1    | Noticed an ettin
 27559 | Orc:1    | Found a runed translucent door.
 27710 | Orc:1    | Found a roughly hewn altar of Beogh.
 27825 | Orc:1    | Slain by an ettin

Illustrated notes

Levels and vault maps discovered:
D:1:      dpeg_arrival_subterranean_lakeside_camping, layout_loops_ring,
          chequers_serial_rivers_micro_c
D:2:      layout_loops_ring, tso_oasis_becter, kennysheep_generic_room_10
D:3:      layout_rooms, first_ration
D:4:      minmay_evil_eye, layout_loops_cross, minmay_temple_entry_mist,
          lightli_sewer_entry_pipes, enter_ossuary_1
D:5:      layout_cave_pods
D:6:      layout_basic, chequers_mini_garden,
          nicolae_ru_great_annihilating_truth
D:7:      layout_loops_ring, nicolae_overflow_hidden_temple, xom_redecorated
D:8:      minmay_s_stair_smasher, layout_loops_ring,
          eat_drink_and_be_merry_uskayaw
D:9:      minmay_spotlight, layout_long_grid, blue_anna_alchemist
          [blue_anna_fruit_fields, blue_anna_fruit_fields]
D:10:     layout_gridville, minivault_10, uniq_erica, uniq_urug, uniq_psyche
D:11:     layout_small_grid, lair_entry_dummy, special_room [special_room_orc],
          serial_shops, nicolae_shop_trees, kennysheep_nondescript,
          minivault_19, uniq_snorg, uniq_fannar
D:12:     layout_stronghold, orc_0_dummy
Temple:   minmay_crystal_spiral_temple
Lair:1:   layout_hall_layers, serial_bayou_pond_b
Lair:2:   layout_misc_corridors, minmay_shoals_entry_centaurs,
          spider_nest_entry_web_field, portal_ice_cave_entry_pillars_2,
          basic_altar
Lair:3:   layout_cave_pods
Lair:4:   layout_hall_layers, uniq_josephine
Lair:5:   layout_hall_layers, wad_woods_antlair, serial_bayou_shore_b,
          uniq_rupert
Orc:1:    layout_diamond_mine, serial_shops, nicolae_shop_window_shopping,
          lightli_church_of_beogh

Skill      XL: |  1  2  3  4  5  6  7  8  9 10 11 12 13 |
---------------+----------------------------------------+-----
Axes           | 3 4 |  4.0
Dodging        | 3 4 6 |  6.3
Fighting       | 3 4 5 6 7 10 11 | 11.5
Armour         | 1 2 3 4 |  4.0
Spellcasting   | 2 3 5 6 8 9 10 | 10.0
Conjurations   | 1 2 3 |  3.0
Air Magic      | 1 2 3 |  3.0
Poison Magic   | 1 2 3 |  3.0
Shields        | 4 |  4.0
Evocations     | 2 3 |  3.3
Long Blades    | 4 7 9 |  9.4
Necromancy     | 4 |  4.0
Throwing       | |  1.5
Stealth        | |  0.4

Action                   |  1- 3 |  4- 6 |  7- 9 | 10-12 | 13-15 || total
-------------------------+-------+-------+-------+-------+-------++-------
Melee: War axe           |   164 |   254 |   162 |       |       ||   580
       Hand axe          |       |       |   454 |    90 |       ||   544
       Scimitar          |       |       |       |   589 |    98 ||   687
Throw: Stone             |       |       |       |     9 |       ||     9
       Throwing net      |       |       |       |     1 |       ||     1
 Cast: Mephitic Cloud    |       |       |       |    10 |     3 ||    13
Invok: Potion Petition   |       |       |       |     3 |       ||     3
Evoke: Wand              |       |       |     2 |    43 |       ||    45
       Box of beasts     |       |       |       |     1 |       ||     1
  Use: Scroll            |       |     5 |     4 |    22 |     2 ||    33
 Stab: Sleeping          |     1 |       |     1 |       |       ||     2
       Paralysed         |       |       |    11 |    16 |       ||    27
       Distracted        |       |       |     1 |     1 |       ||     2
       Confused          |       |       |       |     7 |     2 ||     9
Armor: Leather armour    |    56 |     3 |    17 |    15 |       ||    91
       Chain mail        |       |   141 |   274 |    67 |       ||   482
       Ring mail         |       |       |       |    92 |    18 ||   110
Dodge: Dodged            |   160 |    81 |   174 |   394 |    57 ||   866
Block: Kite shield       |       |    81 |   216 |       |       ||   297
       Buckler           |       |       |     2 |   119 |    12 ||   133
       Rpst.: Scimitar   |       |       |       |    91 |    14 ||   105

Table legend:
 A = Non-vault XP
 B = Vault XP
 C = Vault XP percentage of total XP
 D = Non-vault monster count
 E = Vault monster count
 F = Vault count percentage of total count
                 A         B        C        D         E       F
            +---------+---------+-------+---------+---------+-------
      Total |   31914 |   11305 |  26.2 |     333 |     104 |  23.8
            +---------+---------+-------+---------+---------+-------
        D:1 |      20 |      10 |  33.3 |      13 |       6 |  31.6
        D:2 |      65 |       4 |   5.8 |      21 |       2 |   8.7
        D:3 |     210 |      49 |  18.9 |      27 |       1 |   3.6
        D:4 |     279 |     188 |  40.3 |      18 |      17 |  48.6
        D:5 |     290 |       0 |   0.0 |      14 |       0 |   0.0
        D:6 |     723 |      18 |   2.4 |      13 |       4 |  23.5
        D:7 |     923 |      72 |   7.2 |      20 |       1 |   4.8
        D:8 |    1492 |     256 |  14.6 |      34 |       8 |  19.0
        D:9 |     993 |     683 |  40.8 |      23 |       5 |  17.9
       D:10 |     106 |    2039 |  95.1 |       6 |       5 |  45.5
       D:11 |    4533 |    1407 |  23.7 |      40 |      22 |  35.5
       D:12 |    6525 |       0 |   0.0 |      24 |       0 |   0.0
     Lair:1 |    3802 |    1166 |  23.5 |      21 |       3 |  12.5
     Lair:2 |    3168 |     458 |  12.6 |      14 |       4 |  22.2
     Lair:3 |    1504 |       0 |   0.0 |       7 |       0 |   0.0
     Lair:4 |    5097 |    1902 |  27.2 |      18 |       5 |  21.7
     Lair:5 |    1745 |       0 |   0.0 |       9 |       0 |   0.0
      Orc:1 |     439 |    1056 |  70.6 |      11 |      16 |  59.3
      IceCv |       0 |    1997 | 100.0 |       0 |       5 | 100.0
            +---------+---------+-------+---------+---------+-------
